 Dungeon Crawl Stone Soup version 0.18-a0-1782-gb76a692 (webtiles) character file.

385 4thArraOfDagon the Skirmisher (level 6, 0/66 HPs)
             Began as a Naga Assassin on Apr 17, 2016.
             Was a Follower of Makhleb.
             Slain by a gnoll zombie (3 damage)
             ... in an ossuary.
             The game lasted 00:07:22 (1248 turns).

4thArraOfDagon the Skirmisher (Naga Assassin)       Turns: 1248, Time: 00:07:22

Health: 0/66       AC:  4    Str: 13    XL:     6   Next: 77%
Magic:  6/6        EV:  9    Int: 11    God:    Makhleb [*.....]
Gold:   107        SH:  0    Dex: 15    Spells: 0 memorised, 5 levels left

rFire  . . .     SeeInvis +     a - +2 dagger
rCold  . . .     Gourm    .     w - +0 robe (curse)
rNeg   . . .     Faith    .     (no shield)
rPois  +         Spirit   .     (no helmet)
rElec  .         Dismiss  .     d - +0 cloak
rCorr  .         Reflect  .     (no gloves)
SustAt .         Harm     .     (no barding)
MR     .....                    (no amulet)
Stlth  ++++......               (no ring)
                                (no ring)

@: exhausted, hasted and slowed, very slow, not resistant to hostile
enchantments, stealthy
A: see invisible, deformed body, poison resistance, slowness 2, slow metabolism
1, spit poison 2, AC +2
a: Spit Poison, Renounce Religion


You were in an ossuary.
You worshipped Makhleb.
Makhleb was aware of your devotion.
You were not hungry.

You visited 1 branch of the dungeon, and saw 4 of its levels.
You also visited: Ossuary.

You collected 107 gold pieces.

Inventory:

Hand Weapons
 a - a +2 dagger (weapon)
 b - a +0 blowgun
 k - a +1 dagger of freezing
Missiles
 e - 8 poisoned needles
 f - 2 curare-tipped needles
Armour
 c - a +0 robe
 d - a +0 cloak (worn)
 w - a cursed +0 robe (worn)
Scrolls
 i - 3 scrolls of blinking
 l - a scroll of magic mapping {unknown}
 r - a scroll of remove curse {unknown}
 v - a scroll of immolation {unknown}
Potions
 j - 2 potions of agility {unknown}
 m - 2 potions of degeneration {unknown}
 n - a potion of lignification {unknown}
 o - a potion of berserk rage
 q - a potion of mutation {unknown}
Books
 h - a book of Necromancy

   Spells                             Type                      Level
   a - Pain                           Necromancy                   1
   b - Animate Skeleton               Necromancy                   1
   c - Vampiric Draining              Necromancy                   3
   d - Regeneration                   Charms/Necromancy            3
   e - Animate Dead                   Necromancy                   4
   f - Control Undead                 Necromancy                   4
Comestibles
 g - a bread ration
 u - a meat ration


   Skills:
 + Level 7.0 Fighting
 - Level 2.0 Short Blades
 - Level 1.7 Throwing
 - Level 0.7 Dodging
 - Level 5.8 Stealth


You had 5 spell levels left.
You didn't know any spells.

Dungeon Overview and Level Annotations

Branches:
Dungeon (4/15)
 Temple: D:4-7

Altars:
Makhleb
Ru


Innate Abilities, Weirdness & Mutations

You cannot wear boots.
Your serpentine skin is tough (AC +2).
You have supernaturally acute eyesight.
Armour fits poorly on your strangely shaped body.
Your system is resistant to poisons.
You cover ground very slowly.
You have a slow metabolism.
You can spit poison.


Message History

You are exhausted.
You feel yourself slow down.
Unknown command.
You hit the gnoll zombie. The hobgoblin zombie hits you.
* * * LOW HITPOINT WARNING * * *
The gnoll zombie barely misses you. The gnoll zombie hits you.
* * * LOW HITPOINT WARNING * * *
The orc zombie hits you but does no damage.
The hobgoblin zombie hits you.
* * * LOW HITPOINT WARNING * * *
Unknown command.
Unknown command.
Drink which item? (? for menu, Esc to quit)
Okay, then.
Drink which item? (? for menu, Esc to quit)
You feel yourself speed up. The hobgoblin zombie hits you.
* * * LOW HITPOINT WARNING * * *
The gnoll zombie hits you but does no damage.
The gnoll zombie hits you.
You die...

....##....##...
...............
..............
............
#........#
#..Z...# #ZZZ.#
#Z@..# #.Z..#
#....# #....#
#....# #....#
#....# #.∩∩.#
######


You could see 2 hobgoblin zombies, 2 gnoll zombies and 2 orc zombies.

Vanquished Creatures
  2 ogres (D:4)
  2 hounds
  An orc wizard (D:4)
  4 mummies (Ossuary)
  An adder (D:4)
  An ooze (D:3)
  2 dart slugs
  11 orcs
  5 bats
  A giant cockroach (D:4)
  5 goblins
  4 hobgoblins
  6 jackals (D:4)
  A ball python (D:3)
  2 giant newts
  A goblin zombie (D:4)
  2 hobgoblin zombies
  3 kobolds
  2 orc zombies
56 creatures vanquished.

Notes
Turn   | Place    | Note
--------------------------------------------------------------
     0 | D:1      | 4thArraOfDagon the Naga Assassin began the quest for the Orb.
     0 | D:1      | Reached XP level 1. HP: 19/19 MP: 1/1
   118 | D:2      | Reached XP level 2. HP: 23/27 MP: 2/2
   231 | D:3      | Reached skill level 3 in Fighting
   232 | D:3      | Found a sacrificial altar of Ru.
   236 | D:3      | Became a worshipper of Ru the Awakened
   485 | D:3      | Reached XP level 3. HP: 34/34 MP: 3/3
   615 | D:3      | Found a burning altar of Makhleb.
   628 | D:3      | Reached skill level 4 in Fighting
   628 | D:3      | Reached XP level 4. HP: 30/44 MP: 4/4
   643 | D:3      | Fell from the grace of Ru
   643 | D:3      | Became a worshipper of Makhleb the Destroyer
   803 | D:4      | :(
   842 | D:4      | Noticed an ogre
   868 | D:4      | Killed an ogre
   868 | D:4      | Reached skill level 5 in Fighting
   868 | D:4      | Reached XP level 5. HP: 49/52 MP: 5/5
   895 | D:4      | Noticed an ogre
   916 | D:4      | Killed an ogre
   916 | D:4      | Reached skill level 6 in Fighting
   916 | D:4      | Reached XP level 6. HP: 62/62 MP: 6/6
  1035 | D:4      | Reached * piety under Makhleb
  1098 | D:4      | WHERE
  1172 | D:4      | Found a sand-covered staircase.
  1192 | Ossuary  | Entered an ossuary
  1244 | Ossuary  | Reached skill level 7 in Fighting
  1248 | Ossuary  | HP: 3/66 [hobgoblin zombie (2)]
  1248 | Ossuary  | Slain by a gnoll zombie

Vault maps used:
D:1:      minmay_arrival_doors, nemelex_altar_shiori
D:3:      marbit_many_paths, minmay_liquid_box, makhleb_heckhound_becter
D:4:      enter_ossuary_3, minmay_misc_feat_ornament
Ossuary:  ossuary_tomb_3

Skill      XL: |  1  2  3  4  5  6 |
---------------+-------------------+-----
Fighting       | 3 4 5 6 7 |  7.0
Short Blades   | |  2.0
Throwing       | |  1.7
Dodging        | |  0.7
Stealth        | |  5.8

Action                   |  1- 3 |  4- 6 || total
-------------------------+-------+-------++-------
Melee: Dagger            |    59 |   110 ||   169
 Fire: Blowgun           |     1 |    13 ||    14
 Abil: Spit Poison       |    21 |    13 ||    34
  Use: Scroll            |       |     3 ||     3
       Potion            |       |     3 ||     3
 Stab: Sleeping          |     2 |     1 ||     3
  Eat: Chunk             |       |     2 ||     2
       Beef jerky        |       |     2 ||     2
Armor: Robe              |    18 |    32 ||    50
Dodge: Dodged            |    36 |    54 ||    90
